 Dungeon Crawl Stone Soup version 0.29-a0-40-g8eb35efe60 (webtiles) character file.

Game seed: 13347383790444021585

9 robertstho the Sneak (level 2, -5/29 HPs)
             Began as a Troll Delver on Feb 1, 2022.
             Slain by a wyvern zombie (14 damage)
             ... on level 5 of the Dungeon.
             The game lasted 00:01:07 (183 turns).

robertstho the Sneak (Troll Delver)                  Turns: 183, Time: 00:01:07

Health: -5/29      AC:  4    Str: 19    XL:     2   Next: 3%
Magic:  1/1        EV:  9    Int:  6    God:
Gold:   50         SH:  0    Dex: 11    Spells: 1/1 levels left

rFire   . . .      SeeInvis .     - Unarmed
rCold   . . .      Faith    .   (no shield)
rNeg    . . .      Spirit   .   a - +0 robe
rPois   .          Reflect  .   (helmet restricted)
rElec   .          Harm     .   (no cloak)
rCorr   .          Rampage  .   (gloves unavailable)
Will    .....                   (boots unavailable)
Stlth   ++........              (no amulet)
HPRegen 0.89/turn               (no ring)
MPRegen 0.07/turn               (no ring)

@: no status effects
A: large, unfitting armour, claws 3, regeneration 1, shaggy fur 1, tough skin 1
a: no special abilities


You were on level 5 of the Dungeon.
You visited 1 branch of the dungeon, and saw 1 of its levels.

You collected 50 gold pieces.

Inventory:

Armour
 a - a +0 robe (worn)
Wands
 f - a wand of digging (3)
Scrolls
 b - a scroll of fog
 c - a scroll of magic mapping
Potions
 e - a potion of haste
 g - a potion of attraction {unknown}


   Skills:
 * Level 2.5 Fighting
 + Level 1.5 Dodging
 + Level 2.9 Stealth
 * Level 2.1 Unarmed Combat


You had one spell level left.
You didn't know any spells.
Your spell library was empty.

Dungeon Overview and Level Annotations

Branches:
Dungeon (5/15)
 Temple: D:4-7

Altars:

Annotations:
D:5 Blork the orc


Innate Abilities, Weirdness & Mutations

You are too large for most types of armour.
You have claws for hands.
Your natural rate of healing is unusually fast.
You are covered in fur. (AC +1)
You have tough skin. (AC +1)


Message History

Blork the orc is nearby!
Blork the orc is nearby!
As you read the scroll of magic mapping, it crumbles to dust.
You feel aware of your surroundings.
As you read the scroll of fear, it crumbles to dust.
You assume a fearsome visage.
Blork the orc looks frightened!
Blork the orc yells, "Help!"
Blork the orc gives up.
Found a stone staircase leading down.
Found a leather armour.
Found 12 stones.
The wyvern zombie bites you.
The wyvern zombie bites you but does no damage.
You claw the wyvern zombie!
The wyvern zombie is moderately damaged.
The wyvern zombie bites you!
You scratch the wyvern zombie.
The wyvern zombie is moderately damaged.
The wyvern zombie bites you but does no damage.
You scratch the wyvern zombie but do no damage.
The wyvern zombie is moderately damaged.
The wyvern zombie bites you but does no damage.
You claw the wyvern zombie!
The wyvern zombie is heavily damaged.
The wyvern zombie completely misses you.
The wyvern zombie bites you!
You scratch the wyvern zombie.
The wyvern zombie is severely damaged.
The wyvern zombie barely misses you.
You scratch the wyvern zombie but do no damage.
The wyvern zombie is severely damaged.
The wyvern zombie closely misses you.
You claw the wyvern zombie! Your claw misses the wyvern zombie.
The wyvern zombie is almost destroyed.
The wyvern zombie bites you.
* * * LOW HITPOINT WARNING * * *
You scratch the wyvern zombie.
The wyvern zombie is almost destroyed.
The wyvern zombie bites you!
You die...

#.####......# #.#.#......#,*,**,*
............# #$#......#.#,*,**,*
........#######.#.#...##,#,*,**,*
......[.# #....#...#[##.#,*,**,*
........# #....#..........*,**,*
###.#...# #....#...#.##.#.*,**,*
###.#...# #....#.#.#.#*,#**,**,*
.....#.#####...Z#.#.#(#*,,,,,**,*
.....#.#<.......@.#.#.#********,*
.......#*######.#.#.#.# *,*
.......#******#.###.#,* *,*
.......#*,,,,,..,,,.#,* *,*
.....#.#*,***###*****,* *,*
.....#>#*,* *,* *,* .....###*,*
*,* *,* .....# *,* *,* *,* .....#
*,***********,* *,*


You could see a wyvern zombie.

Vanquished Creatures
  An adder (D:5)
1 creature vanquished.

Notes
Turn   | Place    | Note
-------+----------+-------------------------------------------
     0 | D:5      | robertstho the Troll Delver began the quest for the Orb.
     0 | D:5      | Reached XP level 1. HP: 22/22 MP: 0/0
    37 | D:5      | Noticed a wyvern zombie
    71 | D:5      | Reached XP level 2. HP: 16/29 MP: 1/1
   122 | D:5      | Noticed Blork the orc
   183 | D:5      | Slain by a wyvern zombie

Illustrated notes

Levels and vault maps discovered:
D:5:      minmay_inner_zag, layout_basic, minivault_14, uniq_crazy_yiuf_cottage,
          uniq_blork_the_orc, uniq_menkaure

Action                   || total
-------------------------++-------
Melee: Unarmed           ||    14
  Use: Scroll            ||     2
Armor: Robe              ||     4
Dodge: Dodged            ||     3

Table legend: (Time is in decaauts)
 A = Elapsed time spent in this place.
 B = Non-inter-level travel time spent in this place.
 C = Inter-level travel time spent in this place.
 D = Time resting spent in this place.
 E = Time spent auto-exploring this place.
 F = Levels seen in this place.
 G = Mean time per level.
                   A        B        C        D        E       F      G
               +--------+--------+--------+--------+--------+-----+--------+
         Total |    182 |    182 |      0 |      0 |     80 |   1 |  182.0 |
       Dungeon |    182 |    182 |      0 |      0 |     80 |   1 |  182.0 |
               +--------+--------+--------+--------+--------+-----+--------+

Top non-repeatable levels by time:
     D:5: 182 daAuts
